 Dungeon Crawl Stone Soup version 0.29-a0-823-gc37b1572da (webtiles) character file.

Game seed: 4703122939056808732

102 gobodom the Magician (level 4, -2/31 HPs)
             Began as a Demonspawn Hedge Wizard on July 8, 2022.
             Slain by a gnoll
             ... wielding a +0 halberd
              (7 damage)
             ... on level 4 of the Dungeon.
             The game lasted 00:07:24 (3300 turns).

gobodom the Magician (Demonspawn Hedge Wizard)      Turns: 3300, Time: 00:07:25

Health: -2/31      AC:  3    Str: 10    XL:     4   Next: 49%
Magic:  7/10       EV: 12    Int: 17    God:
Gold:   125        SH:  0    Dex: 13    Spells: 11/12 levels left

rFire   . . .      SeeInvis .   s - +2 dagger (drain)
rCold   . . .      Faith    .   (no shield)
rNeg    . . .      Spirit   .   b - +0 robe
rPois   .          Reflect  .   c - +0 hat
rElec   .          Harm     .   (no cloak)
rCorr   .          Rampage  .   (no gloves)
Will    .....                   r - +0 pair of boots
Stlth   ++........              (no amulet)
HPRegen 0.10/turn               (no ring)
MPRegen 0.24/turn               (no ring)

@: no status effects
A: magic regeneration, weakness stinger 1
a: no special abilities


You were on level 4 of the Dungeon.
You visited 1 branch of the dungeon, and saw 4 of its levels.

You collected 125 gold pieces.

Inventory:

Hand Weapons
 s - a +2 dagger of draining (weapon)
Armour
 b - a +0 robe (worn)
 c - a +0 hat (worn)
 r - a +0 pair of boots (worn)
Jewellery
 q - an amulet of faith
Wands
 w - a wand of mindburst (12)
Scrolls
 i - 2 scrolls of noise {unknown}
 j - 2 scrolls of enchant weapon {unknown}
 k - a scroll of blinking {unknown}
 l - a scroll of fog {unknown}
 m - a scroll of teleportation {unknown}
 n - a scroll of immolation {unknown}
 o - 2 scrolls of enchant armour {unknown}
 t - a scroll of vulnerability {unknown}
 v - 2 scrolls of fear {unknown}
Potions
 a - 2 potions of attraction
 d - a potion of magic
 e - a potion of cancellation
 f - a potion of heal wounds
 g - 2 potions of might
 p - 2 potions of degeneration {unknown}
 u - 3 potions of lignification {unknown}


   Skills:
 + Level 0.7 Fighting
 + Level 1.9 Dodging
 + Level 2.1 Stealth
 + Level 4.5 Spellcasting
 + Level 1.7 Conjurations
 + Level 1.0 Summonings
 + Level 0.8 Translocations


You had 11 spell levels left.
You knew the following spells:

 Your Spells              Type           Power      Damage    Failure   Level
a - Magic Dart            Conj           36%        1d4       8%          1

Your spell library contained the following spells:

 Spells                   Type           Power      Damage    Failure   Level
 Summon Small Mammal      Summ           28%        N/A       10%         1
 Slow                     Hex            12%        N/A       16%         1
 Blink                    Tloc           12%        N/A       16%         2
 Call Imp                 Summ           7%         N/A       16%         2
 Call Canine Familiar     Summ           7%         N/A       30%         3
 Conjure Flame            Conj/Fire      6%         6-21      32%         3
 Mephitic Cloud           Conj/Pois/Air  5%         N/A       34%         3
 Summon Guardian Golem    Hex/Summ       5%         N/A       36%         3


Dungeon Overview and Level Annotations

Branches:
Dungeon (4/15)
 Temple: D:4-7

Altars:
Wu Jian


Innate Abilities, Weirdness & Mutations

You regenerate magic rapidly.
You have a small tail.


Message History

The gnoll barely misses you.
You hit the gnoll but do no damage. You drain the gnoll.
The gnoll is severely wounded.
The gnoll barely misses you. The gnoll hits you with a +0 club.
You hit the gnoll but do no damage. You drain the gnoll.
The gnoll is almost dead.
The gnoll hits you from afar with a +0 halberd.
The gnoll hits you with a +0 club.
* * * LOW HITPOINT WARNING * * *
You hit the gnoll.
You kill the gnoll!
The gnoll misses you.
You are too injured to fight recklessly!
You are too injured to fight recklessly!
Casting: Magic Dart (safe; 8% risk of failure)
Confirm with . or Enter, or press ? or * to list all spells.
Aiming: Magic Dart (safe; 8% risk of failure)
Press: ? - help, Shift-Dir - straight line, f - gnoll
Aim: a gnoll, wielding a +0 halberd and quivering a throwing net (100% to hit)
The magic dart hits the gnoll.
The gnoll is lightly wounded.
The gnoll hits you from afar with a +0 halberd.
* * * LOW HITPOINT WARNING * * *
Casting: Magic Dart (safe; 8% risk of failure)
Confirm with . or Enter, or press ? or * to list all spells.
Aiming: Magic Dart (safe; 8% risk of failure)
Press: ? - help, Shift-Dir - straight line, f/p - gnoll
Aim: a gnoll, wielding a +0 halberd and quivering a throwing net (lightly wounded, 100% to hit)
The magic dart hits the gnoll.
The gnoll is heavily wounded.
The gnoll closely misses you.
Casting: Magic Dart (safe; 8% risk of failure)
Confirm with . or Enter, or press ? or * to list all spells.
Aiming: Magic Dart (safe; 8% risk of failure)
Press: ? - help, Shift-Dir - straight line, f/p - gnoll
Aim: a gnoll, wielding a +0 halberd and quivering a throwing net (heavily wounded, 100% to hit)
The magic dart hits the gnoll.
The gnoll is severely wounded.
The gnoll hits you from afar with a +0 halberd!
You die...

.... ## ##+#
../#
.##..##...##
..... ....#
... ...# ###
#.# g.#
##..##.###)#
#........@#
#.........#
#...<.....+
#.........#
#.#########
#


You could see a gnoll.

Vanquished Creatures
  A gnoll (D:4)
  3 adders (D:2)
  A worm (D:2)
  A dart slug (D:2)
  8 orcs (D:3)
  3 endoplasms
  10 goblins
  3 hobgoblins
  4 jackals (D:1)
  A quokka (D:2)
  5 ball pythons
  6 bats
  2 frilled lizards (D:1)
  A kobold (D:2)
  3 rats
52 creatures vanquished.

Notes
Turn   | Place    | Note
-------+----------+-------------------------------------------
     0 | D:1      | gobodom the Demonspawn Hedge Wizard began the quest for the
                  | Orb.
     0 | D:1      | Reached XP level 1. HP: 13/13 MP: 4/4
   286 | D:1      | Gained mutation: You regenerate magic rapidly. [demonic
                  | ancestry]
   286 | D:1      | Reached XP level 2. HP: 6/19 MP: 0/6
  1306 | D:2      | Reached XP level 3. HP: 21/25 MP: 4/8
  1494 | D:2      | Reached skill level 4 in Spellcasting
  1720 | D:2      | Found an ornate altar of the Wu Jian Council.
  2297 | D:3      | Discovered your monstrous ancestry.
  2297 | D:3      | Gained mutation: You have a small tail. [demonic ancestry]
  2297 | D:3      | Reached XP level 4. HP: 31/31 MP: 7/10
  3300 | D:4      | Slain by a gnoll

Illustrated notes

Levels and vault maps discovered:
D:1:      zelgadis_glass_arrival_small, layout_loops_cross
D:2:      layout_loops_corners, basic_altar
D:3:      layout_basic, corexii_hall_statues_deadend
D:4:      layout_gridville, yredelemnul_forgotten_temple_becter,
          dk_noncrumbling_3

Skill      XL: |  1  2  3 |
---------------+----------+-----
Stealth        | 2 |  2.1
Spellcasting   | 4 |  4.5
Fighting       | |  0.7
Dodging        | |  1.9
Conjurations   | |  1.7
Summonings     | |  1.0
Translocations | |  0.8

Action                   |  1- 3 |  4- 6 || total
-------------------------+-------+-------++-------
Melee: Dagger            |    35 |    16 ||    51
       Tailslap          |       |     1 ||     1
 Cast: Magic Dart        |    84 |    36 ||   120
  Use: Scroll            |       |     4 ||     4
Armor: Robe              |    11 |     3 ||    14
Dodge: Dodged            |    35 |    14 ||    49

Table legend: (Time is in decaauts)
 A = Elapsed time spent in this place.
 B = Non-inter-level travel time spent in this place.
 C = Inter-level travel time spent in this place.
 D = Time resting spent in this place.
 E = Time spent auto-exploring this place.
 F = Levels seen in this place.
 G = Mean time per level.
                   A        B        C        D        E       F      G
               +--------+--------+--------+--------+--------+-----+--------+
         Total |   3298 |   3198 |    100 |    240 |   2501 |   4 |  824.5 |
       Dungeon |   3298 |   3198 |    100 |    240 |   2501 |   4 |  824.5 |
               +--------+--------+--------+--------+--------+-----+--------+

Top non-repeatable levels by time:
     D:2: 1203 daAuts
     D:1: 1063 daAuts
     D:3: 1017 daAuts
     D:4: 14 daAuts
